 Dungeon Crawl Stone Soup version 0.31-a0-574-g69dc8cc98e (webtiles) character file.

Game seed: 11720112374828058913

3874 mopl the Nimble (level 10, -2/123 HPs)
             Began as a Gnoll Monk on Aug 15, 2023.
             Slain by an orc
             ... wielding the +1 trident of the Pure Lovers {freeze, *Corrode Fly rElec Will+}
              (4 damage)
             ... on level 8 of the Dungeon on Aug 18, 2023.
             The game lasted 00:10:20 (7376 turns).

mopl the Nimble (Gnoll Monk)                        Turns: 7376, Time: 00:10:21

Health: -2/123     AC:  6    Str: 15    XL:     10   Next: 19%
Magic:  17/17      EV: 20    Int: 10    God:
Gold:   379        SH:  0    Dex: 14    Spells: 19/19 levels left

rFire   . . .        a - +0 flail
rCold   . . .        d - orb {light}
rNeg    . . .        r - +0 acid dragon scales
rPois   .            u - +0 helmet
rElec   .            H - +1 cloak
rCorr   +            (no gloves)
SInv    .            (no boots)
Will    +....        (no amulet) Stlth
                     n - +5 ring of evasion
HPRegen 0.40/turn    C - ring of willpower
MPRegen 0.15/turn

%: no passive effects
@: berserking (expiring), corroded, glowing, very quick
A: fangs 1, strong nose, distributed training
a: no special abilities


You were on level 8 of the Dungeon.
You visited 2 branches of the dungeon, and saw 9 of its levels.

You collected 566 gold pieces.
You spent 187 gold pieces at shops.

Inventory:

Hand Weapons
 a - a +0 flail (weapon)
 z - a +0 broad axe
 L - a +1 whip of pain
 O - a +3 dire flail of protection
Missiles
 b - 6 poisoned darts (quivered)
 A - 12 boomerangs
 B - 6 curare-tipped darts
 G - 2 javelins
 J - 2 throwing nets
Armour
 d - an orb of light (worn)
 m - a +2 buckler
 r - +0 acid dragon scales (worn)
 u - a +0 helmet (worn)
 v - a +0 plate armour
 H - a +1 cloak (worn)
 R - +0 steam dragon scales
Jewellery
 n - a +5 ring of evasion (left hand)
 y - a ring of ice
 C - a ring of willpower (right hand)
 N - the ring "Koutyme" {Wiz Str+9}
   (You found it on level 6 of the Dungeon)

   [ring of wizardry]

   Wiz:       It improves your spell success rate.
   Str+9:     It affects your strength (+9).
 Q - the ring "Ymigg" {Fire Dex+2}
   (You took it off a centaur on level 7 of the Dungeon)

   [ring of fire]

   Fire:      It enhances your fire magic.
   Dex+2:     It affects your dexterity (+2).
   rF+:       It protects you from fire.
   rC-:       It makes you vulnerable to cold.
Wands
 I - a wand of flame (28)
Scrolls
 e - a scroll of poison {unknown}
 f - 3 scrolls of brand weapon {unknown}
 g - a scroll of revelation {unknown}
 h - 2 scrolls of immolation {unknown}
 j - a scroll of enchant weapon {unknown}
 k - a scroll of blinking {unknown}
 o - 3 scrolls of enchant armour {unknown}
 p - a scroll of noise {unknown}
 q - 2 scrolls of fear {unknown}
 t - 2 scrolls of vulnerability {unknown}
 K - a scroll of summoning {unknown}
Potions
 c - a potion of ambrosia
 i - 2 potions of haste
 l - a potion of resistance
 s - 2 potions of magic
 w - a potion of mutation {!q}
 x - a potion of lignification {!q}
 E - a potion of berserk rage {!q}
 F - a potion of might
 M - a potion of curing
 P - 2 potions of heal wounds {unknown}


   Skills:
 + Level 8.4 Fighting
 + Level 5.1 Short Blades
 + Level 5.1 Long Blades
 + Level 5.1 Axes
 + Level 8.4 Maces & Flails
 + Level 5.1 Polearms
 + Level 5.1 Staves
 + Level 5.1 Ranged Weapons
 + Level 5.1 Throwing
 + Level 5.1 Armour
 + Level 8.4 Dodging
 + Level 5.1 Stealth
 + Level 5.1 Shields
 + Level 5.1 Unarmed Combat
 + Level 5.1 Spellcasting
 + Level 4.2 Conjurations
 + Level 4.2 Hexes
 + Level 4.2 Summonings
 + Level 4.2 Necromancy
 + Level 4.2 Translocations
 + Level 4.2 Transmutations
 + Level 4.2 Fire Magic
 + Level 4.2 Ice Magic
 + Level 4.2 Air Magic
 + Level 4.2 Earth Magic
 + Level 4.2 Poison Magic
 + Level 5.6 Invocations
 + Level 5.1 Evocations
 + Level 4.2 Shapeshifting


You had 19 spell levels left.
You didn't know any spells.
Your spell library contained the following spells:

 Spells                   Type           Power      Damage    Failure   Level
 Apportation              Tloc           22%        N/A       5%          1
 Magic Dart               Conj           44%        1d5       5%          1
 Call Imp                 Summ           22%        N/A       9%          2
 Static Discharge         Conj/Air       22%        2-3/arc   9%          2
 Sublimation of Blood     Necr           11%        N/A       9%          2
 Mephitic Cloud           Conj/Pois/Air  11%        N/A       16%         3
 Summon Guardian Golem    Hex/Summ       11%        N/A       16%         3
 Airstrike                Air            5%         2d(1-17)  47%         4
 Petrify                  Tmut/Erth      11%        N/A       47%         4
 Summon Lightning Spire   Summ/Air       11%        N/A       47%         4
 Alistair's Intoxication  Tmut/Pois      7%         N/A       83%         5
 Irradiate                Conj/Tmut      5%         3d13      83%         5
 Haunt                    Necr/Summ      5%         N/A       100%        7
 Orb of Destruction       Conj           5%         9d5       100%        7
 Spellforged Servitor     Conj/Summ      5%         N/A       100%        7
 Borgnjor's Revivificati  Necr           5%         N/A       100%        8
 Death's Door             Necr           5%         N/A       100%        9


Dungeon Overview and Level Annotations

Branches:
Dungeon (8/15)             Temple (1/1) D:5            Lair (0/5) D:8

Altars:
Ashenzari
Cheibriados
Fedhas
Gozag
Hepliaklqana
Makhleb
Nemelex Xobeh
Okawaru
Qazlal
Ru
Sif Muna
Vehumet
Wu Jian
Xom
Yredelemnul
Zin
The Shining One

Shops:
D:2 [

Annotations:
D:6 1 runed translucent door, MrCrawl's ghost, novice TeFE


Innate Abilities, Weirdness & Mutations

You have very sharp teeth.
Your uncanny sense of smell can sniff out nearby items.
Your experience applies equally to all skills.


Message History

The acid dragon misses you.
The orc hits you from afar with the +1 trident of the Pure Lovers {freeze, *Corrode Fly rElec Will+}.
* * * LOW HITPOINT WARNING * * *
The orc freezes you.
* * * LOW HITPOINT WARNING * * *
The orc warrior misses you.
You sock the acid dragon!
You kill the acid dragon!
Unknown command.
You hit the orc warrior.
The orc warrior is lightly wounded.
The orc barely misses you. The orc warrior closely misses you.
Unknown command.
You hit the orc warrior.
The orc warrior is lightly wounded.
The orc warrior hits you with a +0 long sword.
* * * LOW HITPOINT WARNING * * *
The orc hits you from afar with the +1 trident of the Pure Lovers {freeze, *Corrode Fly rElec Will+}.
* * * LOW HITPOINT WARNING * * *
The orc freezes you.
* * * LOW HITPOINT WARNING * * *
You sock the orc warrior!
You bite the orc warrior, but do no damage.
The orc warrior is heavily wounded.
Unknown command.
The water moccasin hisses angrily.
You sock the orc warrior!
The orc warrior is severely wounded.
The orc misses you.
The orc warrior hits you with a +0 long sword.
* * * LOW HITPOINT WARNING * * *
You sock the orc warrior!
You kill the orc warrior!
The orc closely misses you.
You see here an acid dragon corpse.
Unknown command.
You hit the orc.
The orc is severely wounded.
The orc hits you with the +1 trident of the Pure Lovers {freeze, *Corrode Fly rElec Will+}.
You die...

#.##.......# #.#####.##.#
#.##.##.##.#
########.#.#.#.##.#
#.........###..##.##
##################.######
................###.....#
.....!V..o...[..##.####.#
.#####)@#####..#.## #.#
.....#..#y.....### #.#
.....#.†#......# #.#
###..#..#..##### #.#
...K..#..#..S...# #.#
......#..#......# #.#
..#####..#####Y.# #.#
D....#..#y.....# #.#
.....#..#o..g..# #.#


You could see a hornet, a vampire, a water moccasin, a sky beast (wandering) and
an orc.

Vanquished Creatures
  Grinder (D:4)
  A shadow (D:8)
  A steam dragon (D:7)
  Edmund (D:6)
  2 wargs (D:8)
  2 acid dragons (D:8)
  3 orc warriors
  2 ice beasts
  A centaur (D:7)
  2 kobold brigands
  2 bullfrogs
  Blork the orc (D:7)
  2 scorpions (D:6)
  7 wights
  7 killer bees (D:8)
  5 howler monkeys
  4 orc priests
  3 hounds
  A jelly (D:4)
  2 gnoll boudas (D:5)
  2 sleepcaps
  An iguana (D:5)
  7 orc wizards
  18 gnolls (D:5)
  6 adders
  3 shadow imps
  A dart slug (D:5)
  57 orcs
  7 endoplasms
  2 giant cockroaches
  7 goblins
  5 hobgoblins
  13 jackals (D:5)
  9 kobolds
  7 quokkas
  4 ball pythons
  5 bats
  2 frilled lizards
  3 rats (D:1)
209 creatures vanquished.

Notes
Turn   | Place    | Note
-------+----------+-------------------------------------------
     0 | D:1      | mopl the Gnoll Monk began the quest for the Orb.
     0 | D:1      | Reached XP level 1. HP: 23/23 MP: 1/1
    70 | D:1      | Reached XP level 2. HP: 25/29 MP: 2/2
   310 | D:1      | Reached XP level 3. HP: 35/35 MP: 3/3
   522 | D:2      | Reached skill level 1 in Invocations
   640 | D:2      | Found Searr's Antique Armour Shop.
   647 | D:2      | You fall into a shaft and drop 1 floor!
   739 | D:2      | Reached skill level 1 in Short Blades
   739 | D:2      | Reached skill level 1 in Long Blades
   739 | D:2      | Reached skill level 1 in Axes
   739 | D:2      | Reached skill level 1 in Polearms
   739 | D:2      | Reached skill level 1 in Staves
   739 | D:2      | Reached skill level 1 in Ranged Weapons
   739 | D:2      | Reached skill level 1 in Throwing
   739 | D:2      | Reached skill level 1 in Armour
   739 | D:2      | Reached skill level 1 in Stealth
   739 | D:2      | Reached skill level 1 in Shields
   739 | D:2      | Reached skill level 1 in Unarmed Combat
   739 | D:2      | Reached skill level 1 in Spellcasting
   739 | D:2      | Reached skill level 1 in Evocations
  1087 | D:3      | Found an iron altar of Okawaru.
  1126 | D:3      | Found a sparkling altar of Nemelex Xobeh.
  1174 | D:3      | Found a radiant altar of Vehumet.
  1185 | D:3      | Found a shimmering altar of Xom.
  1299 | D:3      | Reached XP level 4. HP: 41/41 MP: 5/5
  1344 | D:3      | Reached skill level 1 in Conjurations
  1344 | D:3      | Reached skill level 1 in Hexes
  1344 | D:3      | Reached skill level 1 in Summonings
  1344 | D:3      | Reached skill level 1 in Necromancy
  1344 | D:3      | Reached skill level 1 in Translocations
  1344 | D:3      | Reached skill level 1 in Transmutations
  1344 | D:3      | Reached skill level 1 in Fire Magic
  1344 | D:3      | Reached skill level 1 in Ice Magic
  1344 | D:3      | Reached skill level 1 in Air Magic
  1344 | D:3      | Reached skill level 1 in Earth Magic
  1344 | D:3      | Reached skill level 1 in Poison Magic
  1344 | D:3      | Reached skill level 1 in Shapeshifting
  1578 | D:3      | Found an opulent altar of Gozag.
  1704 | D:4      | Reached XP level 5. HP: 43/47 MP: 6/6
  1756 | D:4      | Found an ornate altar of the Wu Jian Council.
  1814 | D:4      | Found a hazy altar of Hepliaklqana.
  1850 | D:4      | Noticed Grinder
  1874 | D:4      | Paralysed by Grinder for 3 turns
  1879 | D:4      | Paralysed by Grinder for 5 turns
  1890 | D:4      | Killed Grinder
  1891 | D:4      | Reached skill level 2 in Short Blades
  1891 | D:4      | Reached skill level 2 in Long Blades
  1891 | D:4      | Reached skill level 2 in Axes
  1891 | D:4      | Reached skill level 2 in Polearms
  1891 | D:4      | Reached skill level 2 in Staves
  1891 | D:4      | Reached skill level 2 in Ranged Weapons
  1891 | D:4      | Reached skill level 2 in Throwing
  1891 | D:4      | Reached skill level 2 in Armour
  1891 | D:4      | Reached skill level 2 in Stealth
  1891 | D:4      | Reached skill level 2 in Shields
  1891 | D:4      | Reached skill level 2 in Unarmed Combat
  1891 | D:4      | Reached skill level 2 in Spellcasting
  1891 | D:4      | Reached skill level 2 in Invocations
  1891 | D:4      | Reached skill level 2 in Evocations
  1891 | D:4      | Reached XP level 6. HP: 48/53 MP: 7/9
  2250 | D:5      | Entered Level 5 of the Dungeon
  2263 | D:5      | Found a staircase to the Ecumenical Temple.
  2282 | Temple   | Entered the Ecumenical Temple
  2486 | D:5      | Reached XP level 7. HP: 57/59 MP: 10/10
  2508 | D:5      | Reached skill level 7 in Fighting
  2508 | D:5      | Reached skill level 7 in Maces & Flails
  2508 | D:5      | Reached skill level 7 in Dodging
  2637 | D:2      | Bought an embroidered cloak for 187 gold pieces
  2970 | D:5      | Reached skill level 2 in Conjurations
  2970 | D:5      | Reached skill level 2 in Hexes
  2970 | D:5      | Reached skill level 2 in Summonings
  2970 | D:5      | Reached skill level 2 in Necromancy
  2970 | D:5      | Reached skill level 2 in Translocations
  2970 | D:5      | Reached skill level 2 in Transmutations
  2970 | D:5      | Reached skill level 2 in Fire Magic
  2970 | D:5      | Reached skill level 2 in Ice Magic
  2970 | D:5      | Reached skill level 2 in Air Magic
  2970 | D:5      | Reached skill level 2 in Earth Magic
  2970 | D:5      | Reached skill level 2 in Poison Magic
  2970 | D:5      | Reached skill level 2 in Shapeshifting
  3020 | D:5      | Reached skill level 3 in Invocations
  3292 | D:5      | Reached XP level 8. HP: 36/67 MP: 12/12
  3472 | D:5      | Reached skill level 3 in Short Blades
  3472 | D:5      | Reached skill level 3 in Long Blades
  3472 | D:5      | Reached skill level 3 in Axes
  3472 | D:5      | Reached skill level 3 in Polearms
  3472 | D:5      | Reached skill level 3 in Staves
  3472 | D:5      | Reached skill level 3 in Ranged Weapons
  3472 | D:5      | Reached skill level 3 in Throwing
  3472 | D:5      | Reached skill level 3 in Armour
  3472 | D:5      | Reached skill level 3 in Stealth
  3472 | D:5      | Reached skill level 3 in Shields
  3472 | D:5      | Reached skill level 3 in Unarmed Combat
  3472 | D:5      | Reached skill level 3 in Spellcasting
  3472 | D:5      | Reached skill level 3 in Evocations
  4465 | D:6      | Reached skill level 4 in Invocations
  4477 | D:6      | Found a runed translucent door.
  4478 | D:6      | Noticed MrCrawl's ghost (novice TeFE)
  4519 | D:6      | Reached skill level 3 in Conjurations
  4519 | D:6      | Reached skill level 3 in Hexes
  4519 | D:6      | Reached skill level 3 in Summonings
  4519 | D:6      | Reached skill level 3 in Necromancy
  4519 | D:6      | Reached skill level 3 in Translocations
  4519 | D:6      | Reached skill level 3 in Transmutations
  4519 | D:6      | Reached skill level 3 in Fire Magic
  4519 | D:6      | Reached skill level 3 in Ice Magic
  4519 | D:6      | Reached skill level 3 in Air Magic
  4519 | D:6      | Reached skill level 3 in Earth Magic
  4519 | D:6      | Reached skill level 3 in Poison Magic
  4519 | D:6      | Reached skill level 3 in Shapeshifting
  4598 | D:6      | Identified the ring "Koutyme" {Wiz Str+9}
  4628 | D:6      | Noticed Edmund
  4647 | D:6      | Killed Edmund
  4679 | D:6      | Noticed Blork the orc
  4691 | D:6      | HP: 1/63 [Blork the orc/magic dart (6)]
  4701 | D:7      | Killed Blork the orc
  4910 | D:7      | Reached XP level 9. HP: 62/71 MP: 14/14
  4958 | D:6      | Reached skill level 4 in Short Blades
  4958 | D:6      | Reached skill level 4 in Long Blades
  4958 | D:6      | Reached skill level 4 in Axes
  4958 | D:6      | Reached skill level 4 in Polearms
  4958 | D:6      | Reached skill level 4 in Staves
  4958 | D:6      | Reached skill level 4 in Ranged Weapons
  4958 | D:6      | Reached skill level 4 in Throwing
  4958 | D:6      | Reached skill level 4 in Armour
  4958 | D:6      | Reached skill level 4 in Stealth
  4958 | D:6      | Reached skill level 4 in Shields
  4958 | D:6      | Reached skill level 4 in Unarmed Combat
  4958 | D:6      | Reached skill level 4 in Spellcasting
  4958 | D:6      | Reached skill level 4 in Evocations
  5126 | D:6      | Found a glowing golden altar of the Shining One.
  5333 | D:7      | Identified the ring "Ymigg" {Fire Dex+2}
  5351 | D:7      | HP: 3/74 [steam dragon (6)]
  5683 | D:7      | Found a shimmering blue altar of Sif Muna.
  6540 | D:8      | Reached skill level 8 in Fighting
  6540 | D:8      | Reached skill level 8 in Maces & Flails
  6540 | D:8      | Reached skill level 8 in Dodging
  6588 | D:8      | Reached skill level 5 in Invocations
  6892 | D:8      | Reached skill level 4 in Conjurations
  6892 | D:8      | Reached skill level 4 in Hexes
  6892 | D:8      | Reached skill level 4 in Summonings
  6892 | D:8      | Reached skill level 4 in Necromancy
  6892 | D:8      | Reached skill level 4 in Translocations
  6892 | D:8      | Reached skill level 4 in Transmutations
  6892 | D:8      | Reached skill level 4 in Fire Magic
  6892 | D:8      | Reached skill level 4 in Ice Magic
  6892 | D:8      | Reached skill level 4 in Air Magic
  6892 | D:8      | Reached skill level 4 in Earth Magic
  6892 | D:8      | Reached skill level 4 in Poison Magic
  6892 | D:8      | Reached skill level 4 in Shapeshifting
  7036 | D:8      | Reached XP level 10. HP: 70/80 MP: 17/17
  7037 | D:8      | Found a staircase to the Lair.
  7264 | D:8      | Reached skill level 5 in Short Blades
  7264 | D:8      | Reached skill level 5 in Long Blades
  7264 | D:8      | Reached skill level 5 in Axes
  7264 | D:8      | Reached skill level 5 in Polearms
  7264 | D:8      | Reached skill level 5 in Staves
  7264 | D:8      | Reached skill level 5 in Ranged Weapons
  7264 | D:8      | Reached skill level 5 in Throwing
  7264 | D:8      | Reached skill level 5 in Armour
  7264 | D:8      | Reached skill level 5 in Stealth
  7264 | D:8      | Reached skill level 5 in Shields
  7264 | D:8      | Reached skill level 5 in Unarmed Combat
  7264 | D:8      | Reached skill level 5 in Spellcasting
  7264 | D:8      | Reached skill level 5 in Evocations
  7289 | D:8      | Identified the +1 trident of the Pure Lovers {freeze,
                  | *Corrode Fly rElec Will+}
  7350 | D:8      | Upgraded the game from 0.31-a0-544-gceb718ecc6 to
                  | 0.31-a0-574-g69dc8cc98e
  7371 | D:8      | HP: 5/123 [orc/the +1 trident of the Pure Lovers {freeze,
                  | *Corrode Fly rElec Will+} (6)]
  7373 | D:8      | HP: 1/123 [orc warrior/+0 long sword (3)]
  7376 | D:8      | Slain by an orc

Illustrated notes

Levels and vault maps discovered:
D:1:      ldierk_walled_garden, layout_rooms
D:2:      layout_rooms, serial_shops,
          nicolae_shop_temple_entry_statues_fountains
D:3:      layout_loops_cross, okawaru_trees_2,
          nicolae_overflow_quartered_altars, dreamdust_princess_bridge
D:4:      layout_cave_pools, nicolae_overflow_hidden_temple,
          nicolae_hepliaklqana_hippocampus, uniq_grinder
D:5:      lemuel_castle_with_subvaults [lemuel_castle_interior_original],
          layout_loops_ring, minmay_temple_entry_gardened_gates
D:6:      layout_loops_ring, nicolae_tso_swordbearing_angel,
          gammafunk_ghost_grave, uniq_blork_the_orc, uniq_edmund
D:7:      layout_loops_ring, nicolae_sif_muna_condensation, kennysheep_path_1
D:8:      kennysheep_windowed_halls, layout_loops_ring,
          erik_lair_orcish_takeover
Temple:   hellmonk_temple_forest_ring

Skill      XL: |  1  2  3  4  5  6  7  8  9 10 |
---------------+-------------------------------+-----
Invocations    | 1 2 3 4 5 |  5.6
Short Blades   | 1 2 3 4 5 |  5.1
Long Blades    | 1 2 3 4 5 |  5.1
Axes           | 1 2 3 4 5 |  5.1
Polearms       | 1 2 3 4 5 |  5.1
Staves         | 1 2 3 4 5 |  5.1
Ranged Weapons | 1 2 3 4 5 |  5.1
Throwing       | 1 2 3 4 5 |  5.1
Armour         | 1 2 3 4 5 |  5.1
Stealth        | 1 2 3 4 5 |  5.1
Shields        | 1 2 3 4 5 |  5.1
Unarmed Combat | 1 2 3 4 5 |  5.1
Spellcasting   | 1 2 3 4 5 |  5.1
Evocations     | 1 2 3 4 5 |  5.1
Conjurations   | 1 2 3 4 |  4.2
Hexes          | 1 2 3 4 |  4.2
Summonings     | 1 2 3 4 |  4.2
Necromancy     | 1 2 3 4 |  4.2
Translocations | 1 2 3 4 |  4.2
Transmutations | 1 2 3 4 |  4.2
Fire Magic     | 1 2 3 4 |  4.2
Ice Magic      | 1 2 3 4 |  4.2
Air Magic      | 1 2 3 4 |  4.2
Earth Magic    | 1 2 3 4 |  4.2
Poison Magic   | 1 2 3 4 |  4.2
Shapeshifting  | 1 2 3 4 |  4.2
Fighting       | 7 8 |  8.4
Maces & Flails | 7 8 |  8.4
Dodging        | 7 8 |  8.4

Action                     |  1- 3 |  4- 6 |  7- 9 | 10-12 || total
---------------------------+-------+-------+-------+-------++-------
  Melee: Mace              |   107 |   122 |       |       ||   229
         Bite              |     8 |    18 |    69 |     8 ||   103
         Flail             |       |    12 |   483 |    55 ||   550
         Unarmed           |       |       |    39 |       ||    39
  Evoke: Wand              |       |       |    10 |       ||    10
    Use: Scroll            |       |       |     8 |       ||     8
         Potion            |       |       |     2 |     1 ||     3
   Stab: Paralysed         |       |       |    26 |       ||    26
         Sleeping          |       |       |     1 |       ||     1
         Distracted        |       |       |       |     1 ||     1
 Armour: Robe              |     9 |       |       |       ||     9
         Ring mail         |    10 |    25 |    71 |       ||   106
         Skin              |       |       |    76 |       ||    76
         Acid dragon scale |       |       |    12 |     8 ||    20
         Steam dragon scal |       |       |    10 |       ||    10
  Dodge: Dodged            |    82 |   150 |   543 |    56 ||   831

Table legend: (Time is in decaauts)
 A = Elapsed time spent in this place.
 B = Non-inter-level travel time spent in this place.
 C = Inter-level travel time spent in this place.
 D = Time resting spent in this place.
 E = Time spent auto-exploring this place.
 F = Levels seen in this place.
 G = Mean time per level.
                   A        B        C        D        E       F      G
               +--------+--------+--------+--------+--------+-----+--------+
         Total |   7412 |   6996 |    416 |   1437 |   3904 |   9 |  823.6 |
       Dungeon |   7410 |   6994 |    416 |   1437 |   3904 |   8 |  926.2 |
        Temple |      1 |      1 |      0 |      0 |      0 |   1 |    1.0 |
               +--------+--------+--------+--------+--------+-----+--------+

Top non-repeatable levels by time:
     D:5: 1877 daAuts
     D:7: 1350 daAuts
     D:8: 946 daAuts
     D:6: 818 daAuts
     D:3: 737 daAuts
     D:4: 659 daAuts
     D:2: 600 daAuts
     D:1: 420 daAuts
  Temple: 1 daAuts
